Cogmind - Beta 15 @@@ ROGUE MODE // 2025.09.24 @ 21:53:20 Player: The Sun Result: Destroyed by S-10 Pest with Light Assault Rifle Performance ------------- Evolutions (0) 0 Regions Visited (1) 200 Robots Destroyed (18) 90 Value Destroyed (261) 261 Prototype IDs (0) 0 Alien Tech Used (0) 0 Bonus (0) 0 TOTAL SCORE: 551 Bonus ------- None Cogmind --------- Core Integrity 0/250 Matter 226/300 Energy 78/100 System Corruption 0% Temperature Warm (160) Movement Core (150) Ox2 Location -10/Materials Parts ------- > --- POWER (1) -------- (None) > --- PROPULSION (2) --- (None) > --- UTILITY (2) ------ Small Storage Unit Targeting Computer > --- WEAPON (2) ------- Medium Laser > --- INVENTORY (8) ---- (None) Peak State ------------ > --- POWER ------------ Light Ion Engine > --- PROPULSION ------- Aluminum Leg Aluminum Leg > --- UTILITY ---------- Small Storage Unit Targeting Computer > --- WEAPON ----------- Medium Laser Medium Laser > --- INVENTORY -------- Ion Engine Grenade Launcher [Rating: 7] Favorites ----------- Power Light Ion Engine Engine Light Ion Engine Propulsion Aluminum Leg Leg Aluminum Leg Utility Small Storage Unit Storage Small Storage Unit Processor Targeting Computer Weapon Medium Laser Energy Gun Medium Laser Energy Cannon Beam Cannon Launcher Grenade Launcher Build | -11 -10 ------- Run | Yrd Mat Slots Evolved . | . . Power . | . . Propulsion . | . . Utility . | . . Weapon . | . . Parts Attached 11 | 4 7 Power 2 | 1 1 Engine 2 | 1 1 Core . | . . Reactor . | . . Propulsion 2 | 2 . Treads . | . . Leg 2 | 2 . Wheel . | . . Hover . | . . Flight . | . . Utility 2 | 1 1 Device . | . . Storage 1 | 1 . Processor 1 | . 1 Hackware . | . . Protection . | . . Artifact . | . . Weapon 5 | . 5 Energy Gun 3 | . 3 Energy Cannon 1 | . 1 Ballistic Gun . | . . Ballistic Cannon . | . . Launcher 1 | . 1 Special Weapon . | . . Impact Weapon . | . . Slashing Weapon . | . . Piercing Weapon . | . . Special Melee Weapon . | . . Unidentified Prototypes . | . . Parts Lost 5 | . 5 Power 1 | . 1 Propulsion 2 | . 2 Utility . | . . Weapon 2 | . 2 Highest Loss Streak 3 | . 3 To Critical Strikes . | . . Average Backups 1 | 2 1 Power . | . . Propulsion . | . . Utility . | . . Weapon . | 1 . Tool/Special . | . . Unused Backups . | . . Power . | . . Propulsion . | . . Utility . | . . Weapon . | . . Tool/Special . | . . Average Slot Usage (%) 84 | . 84 Engine 13 | . 13 Leg 22 | . 22 Storage 14 | . 14 Processor 10 | . 10 Energy Gun 18 | . 18 Energy Cannon 2 | . 2 Launcher 2 | . 2 Peak Build Rating 7 | 4 7 Average Rating 5 | 3 6 On Entrance 2 | . 4 Naked Turns . | . . Heaviest Build 15 | 8 15 Greatest Support 20 | 20 20 Greatest Overweight (x) 4 | . 4 Average Overweight (x) . | . . Largest Inventory Capacity 8 | 8 8 Average Capacity 7 | 7 8 Most Carried 4 | 4 3 Average Carried 1 | 2 1 Final Capacity 8 | 8 8 Final Carried 3 | 3 . Class Distribution -------------------- 100% | Mutant Dominant Class ---------------- Mutant | -10/Materials Resources | -11 -10 ----------- Run | Yrd Mat Matter Collected 241 | 211 30 Remotely . | . . Salvage Created 327 | . 327 Parts 36 | . 36 Haulers Intercepted . | . . Recyclers Shooed . | . . Parts Field Recycled . | . . Retrieved Matter . | . . Parts Self-Destructed . | . . Prevented . | . . Kills | -11 -10 ------- Run | Yrd Mat Combat Hostiles Destroyed 11 | . 11 Guns 4 | . 4 Cannons 3 | . 3 AOE 4 | . 4 Classes Destroyed 7 | . 7 Worker 1 | . 1 Builder 3 | . 3 Tunneler 1 | . 1 Operator 1 | . 1 Watcher 1 | . 1 Swarmer 7 | . 7 Grunt 4 | . 4 Best Kill Streak 11 | . 11 Combat Bots Only 7 | . 7 Max Kills in Single Turn 5 | . 5 Gunslinging . | . . Exploded 3 | . 3 Melee . | . . Uniques/NPCs Destroyed . | . . Combat | -11 -10 -------- Run | Yrd Mat Hostile Shots Fired 144 | . 144 Missed 43 | . 43 Hits 101 | . 101 Projectile 101 | . 101 Damage Taken 825 | . 825 Core 250 | . 250 Absorbed by Shields . | . . Core Remaining (%) 100 | 100 . Volleys Fired 42 | . 42 Largest 2 | . 2 Hottest 100 | . 100 Shots Fired 56 | . 56 Gun 40 | . 40 Cannon 14 | . 14 Launcher 2 | . 2 Special . | . . Kinetic . | . . Thermal 54 | . 54 Explosive 2 | . 2 Electromagnetic . | . . Robot Hit Streak 4 | . 4 Robot Miss Streak 6 | . 6 Penetration Max . | . . Secondary Targets . | . . Shots Hit Robots 22 | . 22 Core Hits 23 | . 23 Critical Kills . | . . Critical Parts Destroyed . | . . Critical Strikes 3 | . 3 Burn 3 | . 3 Melee Attacks . | . . Impact . | . . Slashing . | . . Piercing . | . . Sneak Attacks . | . . Combat Hostiles . | . . Follow-up Attacks . | . . Damage Inflicted 672 | . 672 Guns 271 | . 271 Cannons 123 | . 123 Explosions 278 | . 278 Melee . | . . Ramming . | . . Kinetic . | . . Thermal 394 | . 394 Explosive 278 | . 278 Electromagnetic . | . . Impact . | . . Slashing . | . . Piercing . | . . Highest Corruption . | . . Average Corruption . | . . Corruption Purged . | . . Corruption Blocked . | . . Overload Shots . | . . Overflow Damage . | . . Projectiles . | . . Explosions . | . . Melee . | . . Knockbacks . | . . Impact . | . . Kinetic . | . . Secondary . | . . Self-Inflicted Damage . | . . Shots . | . . Rammed . | . . Targets Rammed . | . . Kicked . | . . Crushed . | . . Highest Temperature 333 | . 333 Average Temperature 148 | . 148 Received Heat Transfer 84 | . 84 Effects 3 | . 3 Energy Bleed 1 | . 1 Short Circuit 2 | . 2 Siege Activations . | . . Martial Activations . | . . Shielding Activations . | . . Robots Disrupted . | . . Combat Hostiles . | . . Robots Corrupted . | . . Combat Hostiles . | . . Parts Fried . | . . Impact Corruptions . | . . Robots Melted . | . . Combat Hostiles . | . . Parts Melted 1 | . 1 Heat Transferred 1259 | . 1259 Parts Sabotaged . | . . Parts Stolen . | . . Parts Stripped . | . . Power Chain Reactions . | . . Alert | -11 -10 ------- Run | Yrd Mat Maximum Alert Level 1 | . 1 Low Security (%) 92 | 100 91 Level 1 7 | . 8 Level 2 . | . . Level 3 . | . . Level 4 . | . . Level 5 . | . . High Security . | . . Max Security . | . . Peak Influence 232 | . 232 Initial . | . . Average 60 | . 73 Influence Increases 344 | . 344 Destroy 0b10 Robot/C 220 | . 220 Destroy 0b10 Robot/NC 35 | . 35 Destroy Leader 42 | . 42 Successful Hack 2 | . 2 Destroy Structure 15 | . 15 Lose Combat Pursuer 30 | . 30 Influence Decreases 112 | . 112 Time Decay 62 | . 62 Lost Part 50 | . 50 Squads Dispatched 1 | . 1 Investigation . | . . Extermination . | . . Reinforcement 1 | . 1 Assault . | . . Garrison . | . . Intercept . | . . Searches Triggered . | . . Construction Impeded . | . . Haulers Reinforced . | . . Active Scanning Responses . | . . Cargo Convoy Interrupts . | . . Stealth | -11 -10 --------- Run | Yrd Mat Distress Signals 1 | . 1 Communications Jammed . | . . Distress Signals . | . . Times Spotted 19 | . 19 Peak Tracking Total 6 | . 6 Tactical Retreats 1 | . 1 Traps | -11 -10 ------- Run | Yrd Mat Traps Triggered 1 | . 1 Indirectly . | . . Trap Hack Attempts . | . . Triggered . | . . Disarmed . | . . Reprogrammed . | . . Reused . | . . Traps Extracted . | . . Installed . | . . Triggered . | . . Machines | -11 -10 ---------- Run | Yrd Mat Machines Disabled . | . . Max in Single Turn . | . . Machines Repaired . | . . Machines Dismantled . | . . Machines Sabotaged . | . . Overloaded Fab Kills . | . . Hacking | -11 -10 --------- Run | Yrd Mat Machines Accessed 2 | . 2 Terminals 2 | . 2 Fabricators . | . . Repair Stations . | . . Recycling Units . | . . Scanalyzers . | . . Garrison Access . | . . Total Hacks 8 | . 8 Successful 7 | . 7 Failed 1 | . 1 Catastrophic . | . . Database Lockouts . | . . Manual . | . . Terminals 8 | . 8 Fabricators . | . . Repair Stations . | . . Recycling Units . | . . Scanalyzers . | . . Garrison Access . | . . Terminal Hacks 7 | . 7 Record 3 | . 3 Emergency Access Points 1 | . 1 Alert Level 2 | . 2 Locate Traps 1 | . 1 Fabricator Hacks . | . . Repair Station Hacks . | . . Recycling Unit Hacks . | . . Scanalyzer . | . . Garrison Access Hacks . | . . Unauthorized Hacks . | . . Terminals . | . . Fabricators . | . . Repair Stations . | . . Recycling Units . | . . Scanalyzers . | . . Garrison Access . | . . Data Cores Recovered . | . . Used . | . . Hacking Detections 1 | . 1 Full Trace Events . | . . Feedback Events . | . . Feedback Blocked . | . . Robot Schematics Acquired . | . . Robots Built . | . . Authchips . | . . Time . | . . Total Robot Build Rating . | . . Part Schematics Acquired . | . . Parts Built . | . . Authchips . | . . Time . | . . Total Part Build Rating . | . . Parts Repaired . | . . Time . | . . Parts Recycled . | . . Recycled Matter . | . . Retrieved Matter . | . . Retrieved Components . | . . Parts Scanalyzed . | . . Part Schematics Acquired . | . . Parts Damaged . | . . Bothacking | -11 -10 ------------ Run | Yrd Mat Used RIF Installer . | . . Robots Hacked . | . . Non-combat . | . . Combat . | . . Robot Hacks Applied . | . . Relay Couplers Released . | . . Fabnet Peak Effective % . | . . Robots Rewired . | . . Allies Hacked . | . . Hacks Repelled . | . . Allies | -11 -10 -------- Run | Yrd Mat Total Allies . | . . Largest Group . | . . Highest-Rated Group . | . . Highest-Rated Ally . | . . Total Orders . | . . Ally Attacks . | . . Total Damage . | . . Kills . | . . Allies Corrupted . | . . Allies Melted . | . . Intel | -11 -10 ------- Run | Yrd Mat Active Infowar (turns) . | . . Robot Analysis Total . | . . Derelict Logs Recovered . | . . Drone Launches . | . . Drone Recoveries . | . . Exploration | -11 -10 ------------- Run | Yrd Mat Turns Passed 315 | 56 259 Spaces Moved 155 | 41 114 Core 12 | 5 7 Treads . | . . Legs 143 | 36 107 Wheels . | . . Hover . | . . Flight . | . . Fastest Speed 50 | 50 120 Average Speed 124 | 111 128 Slowest Speed 250 | 120 250 Overloaded Moves . | . . Propulsion Burnouts . | . . Robots Hopped . | . . Potential Cave-ins . | . . Cave-ins Triggered . | . . Exploration Rate (%) 17 | 3 32 Regions Visited 1 Branch Regions . Pre-discovered Areas . | . . Known Exits Taken . | . . Unknown Exits Taken 1 | 1 . Scrap Searched . | . . Spaces Dug . | . . Terrain Destroyed 13 | . 13 Melee . | . . Projectile . | . . AOE 13 | . 13 Terrain Rammed . | . . Walls Destroyed . | . . Machines Disabled . | . . Actions | -11 -10 --------- Run | Yrd Mat Total 224 | 51 173 Wait . | . . Move 154 | 40 114 Hop . | . . Pick Up 11 | 7 4 Fast Attach . | . . Attach 12 | 4 8 Detach 3 | . 3 Swap . | . . Drop 2 | . 2 Fire 42 | . 42 Melee . | . . Ram . | . . Kick . | . . Crush . | . . Escape Stasis . | . . Rewire . | . . Trap . | . . Miscellaneous . | . . Route ------- -11/Scrapyard -10/Materials (discovered 1 exit: [*Min]) History --------- Turn | Location | Event 2 | -11/Scrapyard | Met Revision 17 4 | -11/Scrapyard | Discovered new exit (range 16) 57 | -11/Scrapyard | Entered Materials 221 | -10/Materials | Discovered new exit (range 15) 235 | -10/Materials | Destroyed 7 combat bots 267 | -10/Materials | Core integrity fell below 50% 296 | -10/Materials | Lost 3 parts (2n1w) 300 | -10/Materials | Build established: Mutant 301 | -10/Materials | Core integrity fell below 20% 316 | -10/Materials | Destroyed by S-10 Pest with Light Assault Rifle Last Messages --------------- U-05 Engineer lays Concrete. U-05 Engineer destroyed. Triggered Blade Trap. Massive razor-sharp blades shoot up from within the floor. Sml. Laser severed. S-10 Pest destroyed. K-01 Serf collects debris. U-05 Engineer lays Concrete. Ion Engine destroyed. U-05 Engineer lays Concrete. K-01 Serf collects debris. U-05 Engineer lays Concrete. Beam Cannon destroyed. K-01 Serf collects debris. Flight Unit melted. S-10 Pest destroyed. U-05 Engineer lays Concrete. K-01 Serf collects debris. U-05 Engineer lays Concrete. Map ----- +----------------------------------------------------+ | ????????????????# ######+####?????????????? | | ????????????????# # [ #?????????????? | | ????????????????# + #?????????????? | | ????????????????# # #?????????????? | | ????????????????# """ # =#?????????????? | | ????????????????# """ ###########?????????????? | | ????????????????# """ #???????????????????????? | | ????????????????# #???????????????????????? | | ?????############ #???????????????????????? | | ?????# ## ##??????????????????????? | | ?????# """"""" ## #? ????????????????????? | | ?????# """"""" # # ?????????????????????? | | ?????# """"""" +* +??????????????????????? | | ?????# """"""" # ![ #??????????????????????? | | ?????# """"""" #| ![ #??????????????????????? | | ?????# # ##??????????????????????? | | ?????# = #=* % #???####????????????????? | | ?????########### % #??"!"|""#??????????????? | | ??????????# ###%[ #? "!"|" #??????????????? | | ?????#######T##[=% ## ## ???????????? | | ==%!| % ???????????? | | % =!%=*%%! ]] < ???????????? | | [!% *%*=* u ] ???????????? | | ?# ####"####=! ] u=k## #??????????????? | | ???????? #### ####^^[##########??????????????? | | ?????! ! # ??# [=@%[ #??????????????? | | ????# ?# ?+ k%#== #??????????????? | | ????#! ""??# ?# [# #??????????????? | | ????# "???# ### # #??????????????? | | ????#??????# """ """ #?# # s/ ???????????? | | ???????????# """ """ #?# # w#####??????????? | | ???????????# """ """ #?# # #??????????????? | | ???????????#??? ?????# # #??????????????? | | ???????????????###?????? # ! #??????????????? | | ???????????????????????? ##########??????????????? | | ???????????????????????? #???????????????????????? | | ???????????????????????? ????????????????????????? | | ???????????????????????? ????????????????????????? | | ???????????????????????? ????????????????????????? | | ???????????????????????? ????????????????????????? | | ?????????????????????????????????????????????????? | | ?????????????????????????????????????????????????? | | ?????????????????????????????????????????????????? | | ?????????????????????????????????????????????????? | | ?????????????????????????????????????????????????? | | ?????????????????????????????????????????????????? | | ?????????????????????????????????????????????????? | | ?????????????????????????????????????????????????? | | ?????????????????????????????????????????????????? | | ?????????????????????????????????????????????????? | +----------------------------------------------------+ Best States ------------- Heat Dissipation 25 Energy Generation 10 Energy Capacity 250 Matter Stores 271 Matter Capacity 300 Sight Range 16 Terrain Scan Density 10 Evasion (%) 55 Targeting Accuracy 5 Item Schematics ----------------- None Robot Schematics ------------------ None Fabricated ------------ Nothing Repaired ---------- Nothing Alien Tech Used ----------------- None Achievements -------------- None Challenges ------------ None Game ------ Seed GravjetProtonProtomatter Manual? 0 Play Time 00:08:15 Cumulative 1.6 hours Start 2025.09.24 @ 21:48:43 End 2025.09.24 @ 21:53:20 Sessions 1 Manual Loads 0 Difficulty Rogue Special Mode None Game No. 6 Rogue 6 Adventurer 0 Explorer 0 Win Type - Total 0 Types 0/0/0/0/0/0/0/0/0/0 Lore% 2 Gallery% 3 Achievement% 5 Wizard Run 0 Options --------- Layout 1 ASCII 0 Keyboard 0 Movement Mouse Keybinds 0 Fullscreen 1 Font 32/SmallcapsGlow Map View 50x35 Zoom Use 0% Tactical HUD 0 Map Filters NONE Filters NONE Steam 1 RUN: 43dba860-cfc9-44f1-9987-552dc0cf18e7